Map: Eternal Empire LE

Players

Neeblet (Neeb)

  • Race: Protoss Protoss
  • Spawn Location: 1:00

AGOElazer (Elazer) - Winner!

  • Race: Zerg Zerg
  • League: Grandmaster
  • Spawn Location: 7:00

Event: StayAtHomestory Cup #1

VOD

Have the link to the VOD?

Description

Time

  • Played on: April 11, 2020, 11:21 a.m.
  • Length: 10:41

All games in this series

Show
View Real Time Build Order
Export as new Build Order

Neeblet Protoss 

Build Orders: 1 Gate Expand, Oracle Opening, Phoenix Opening, Zealot Archon 

Get SALT Encoding   

  12  0:00  Probe  
  13  0:13  Probe  
  14  0:20  Pylon  
  14  0:25  Probe  
  15  0:38  Probe (Chrono Boost), Gateway  
  16  0:46  Probe (Chrono Boost)  
  16  0:47  Assimilator  
  17  0:52  Probe  
  18  1:04  Probe  
  19  1:16  Probe  
  20  1:24  Nexus  
  20  1:35  Cybernetics Core  
  20  1:37  Probe  
  21  1:42  Assimilator  
  21  1:49  Probe  
  21  1:52  Pylon  
  22  2:01  Probe (Chrono Boost)  
  23  2:08  Adept (Chrono Boost)  
  23  2:11  Probe (Chrono Boost)  
  26  2:17  Probe  
  26  2:22  Stargate  
  27  2:25  Pylon  
  27  2:29  Probe (Chrono Boost)  
  28  2:30  Warp Gate  
  28  2:37  Adept  
  28  2:39  Probe (Chrono Boost)  
  32  2:47  Probe (Chrono Boost)  
  32  2:49  Probe (Chrono Boost)  
  33  2:53  Probe (Chrono Boost)  
  33  2:54  Probe (Chrono Boost)  
  33  2:57  Gateway  
  35  3:05  Probe, Phoenix (Chrono Boost)  
  38  3:08  Probe  
  39  3:17  Probe  
  39  3:18  Pylon  
  40  3:21  Probe  
  40  3:25  Oracle (Chrono Boost)  
  44  3:29  Probe  
  44  3:31  Assimilator  
  44  3:33  Probe  
  46  3:35  Assimilator  
  46  3:41  Probe  
  46  3:45  Probe  
  48  3:53  Probe, Pylon, Oracle (Chrono Boost)  
  52  3:56  Gateway  
  52  3:57  Probe  
  53  4:05  Probe, Pylon  
  54  4:11  Probe  
  54  4:15  Pylon  
  55  4:18  Probe, Adept  
  55  4:19  Adept  
  55  4:23  Probe  
  61  4:30  Probe  
  62  4:36  Probe  
  63  4:41  Nexus  
  63  4:46  Adept x2  
  63  4:49  Probe  
  63  4:51  Adept  
  70  4:57  Twilight Council  
  70  4:58  Forge  
  70  4:59  Probe  
  71  5:03  Pylon  
  71  5:06  Probe  
  72  5:08  Pylon  
  72  5:14  Probe  
  72  5:18  Sentry x2  
  72  5:19  Probe  
  78  5:24  Sentry  
  78  5:26  Probe  
  81  5:28  Protoss Ground Weapons Level 1 (Chrono Boost)  
  81  5:30  Robotics Facility  
  81  5:31  Probe  
  82  5:38  Probe (Chrono Boost)  
  82  5:39  Charge (Chrono Boost)  
  83  5:49  Probe (Chrono Boost)  
  85  5:50  Probe (Chrono Boost)  
  85  5:52  Gateway  
  85  5:54  Gateway  
  85  5:55  Probe x2 (Chrono Boost), Gateway  
  88  5:57  Probe (Chrono Boost)  
  88  6:05  Probe  
  88  6:06  Gateway  
  88  6:08  Gateway  
  88  6:11  Probe  
  90  6:18  Probe  
  89  6:19  Warp Prism (Chrono Boost)  
  89  6:20  Probe  
  89  6:22  Assimilator x2  
  89  6:23  Probe  
  89  6:24  Pylon  
  93  6:30  Gateway  
  93  6:32  Gateway  
  93  6:34  Templar Archives  
  93  6:39  Probe  
  94  6:47  Pylon, Warp Prism  
  94  6:48  Zealot  
  94  6:49  Zealot x3  
  94  6:52  Stalker  
  106  6:54  Stalker  
  105  7:13  High Templar x4  
  105  7:14  High Templar x2  
  117  7:16  Probe, Photon Cannon  
  117  7:17  Probe  
  117  7:18  Probe  
  120  7:22  Archon  
  120  7:23  High Templar x2  
  120  7:25  Archon  
  120  7:26  Archon  
  124  7:31  Archon  
  124  7:39  Protoss Ground Weapons Level 2  
  124  7:40  Pylon  
  124  7:41  Pylon  
  124  7:42  Pylon  
  124  7:55  Pylon  
  124  7:56  Probe x2  
  124  7:57  Probe  
  123  7:58  Zealot x3  
  123  7:59  Zealot x6  
  139  8:08  Probe  
  139  8:09  Probe x2  
  138  8:24  High Templar x4, Psionic Storm  
  138  8:25  Stalker  
  138  8:26  Stalker x4  
  144  8:29  Probe x3  
  147  8:40  Robotics Facility  
  147  8:44  Immortal (Chrono Boost)  
  151  8:57  Zealot x3  
  151  9:01  Pylon  
  151  9:02  Pylon  
  157  9:03  Pylon  
  157  9:05  Pylon  
  157  9:07  Photon Cannon  
  155  9:12  Zealot x2  
  157  9:17  Archon, Immortal  
  157  9:19  Zealot x4  
  158  9:26  Zealot x3  
  158  9:28  Probe  
  158  9:31  Probe  
  159  9:32  Probe  
  159  9:35  High Templar  
  159  9:36  High Templar  
  138  9:50  High Templar x2  
  140  9:56  Immortal (Chrono Boost), Nexus  
  140  9:58  Pylon  
  144  10:00  Immortal (Chrono Boost)  
  145  10:08  High Templar x2, Zealot x2  
  145  10:14  Archon  
  151  10:20  Probe  
  133  10:23  Zealot x4  
  133  10:26  Probe  
  110  10:37  Archon  
  110  10:39  Zealot x3  
Show
View Real Time Build Order
Export as new Build Order

AGOElazer Zerg - Winner!

Build Orders: Hatch First 

Get SALT Encoding   

  12  0:00  Drone  
  13  0:12  Overlord  
  13  0:17  Drone  
  14  0:31  Drone x2  
  16  0:47  Hatchery  
  15  0:51  Drone  
  15  0:55  Drone  
  17  0:58  Drone  
  18  1:09  Extractor  
  17  1:13  Spawning Pool  
  17  1:17  Drone  
  17  1:20  Drone  
  18  1:29  Drone  
  19  1:39  Drone  
  20  1:49  Drone  
  21  1:59  Queen x2  
  21  2:00  Zergling x2  
  21  2:01  Overlord  
  26  2:11  Zergling x2, Drone  
  28  2:21  Drone  
  28  2:22  Drone  
  30  2:31  Drone  
  30  2:33  Drone  
  32  2:38  Queen  
  32  2:41  Hatchery  
  33  2:49  Metabolic Boost  
  33  2:51  Overlord  
  33  2:54  Drone  
  33  2:56  Drone  
  33  2:58  Drone  
  36  3:09  Drone x4  
  36  3:10  Drone x2  
  42  3:17  Overlord  
  42  3:20  Queen  
  44  3:30  Spore Crawler  
  44  3:33  Drone  
  44  3:34  Spore Crawler  
  44  3:35  Drone  
  44  3:36  Drone  
  44  3:38  Drone  
  46  3:43  Overlord  
  46  3:45  Drone x4  
  46  3:46  Drone  
  51  3:49  Drone  
  51  3:53  Spore Crawler  
  51  3:56  Queen  
  51  4:01  Overlord  
  53  4:03  Drone x3  
  53  4:05  Drone  
  53  4:07  Drone  
  58  4:17  Overlord  
  58  4:21  Zergling x10  
  58  4:22  Drone  
  64  4:28  Drone x2  
  65  4:39  Drone x5, Overlord  
  70  4:47  Drone  
  70  4:52  Lair  
  71  4:53  Overlord  
  71  4:55  Roach Warren  
  71  4:56  Drone x3  
  71  4:57  Evolution Chamber  
  71  4:58  Drone x2  
  71  4:59  Overlord  
  74  5:03  Extractor  
  74  5:04  Extractor, Drone x3  
  74  5:05  Drone  
  76  5:10  Overlord  
  76  5:13  Zergling x8  
  80  5:19  Zergling x2  
  81  5:21  Drone  
  81  5:26  Extractor x2  
  81  5:27  Overlord  
  83  5:28  Drone x3  
  83  5:31  Pneumatized Carapace  
  83  5:32  Drone  
  84  5:37  Overlord  
  84  5:38  Drone x7, Zerg Melee Weapons Level 1  
  91  5:50  Roach x3  
  91  5:54  Overlord  
  96  5:59  Zergling x6  
  96  6:01  Hydralisk Den, Extractor  
  96  6:02  Hatchery  
  96  6:03  Baneling Nest  
  96  6:04  Drone x2  
  96  6:07  Overlord  
  96  6:09  Zergling x4  
  96  6:10  Zergling x2  
  100  6:14  Overlord  
  100  6:16  Drone x2  
  101  6:20  Zergling x4  
  103  6:26  Zergling x2  
  103  6:27  Zergling x2  
  103  6:31  Overlord  
  103  6:32  Grooved Spines  
  104  6:33  Drone x8  
  112  6:41  Overlord  
  112  6:47  Baneling x4, Centrifical Hooks  
  112  6:48  Overlord  
  112  6:51  Drone  
  112  6:53  Overlord  
  113  6:54  Drone  
  113  6:57  Drone x2, Unknown  
  113  6:59  Drone x3  
  113  7:00  Drone  
  119  7:05  Overlord  
  119  7:06  Hydralisk x5  
  127  7:14  Overlord  
  127  7:19  Drone x3  
  130  7:24  Hatchery, Hydralisk  
  130  7:25  Overseer  
  130  7:26  Hydralisk x2  
  130  7:29  Hydralisk x5  
  145  7:34  Overlord  
  143  7:40  Hydralisk x5  
  143  7:43  Muscular Augments  
  153  7:47  Overlord  
  153  7:48  Hydralisk x4  
  161  7:58  Overlord  
  150  7:59  Zergling x20  
  150  8:00  Zergling x2  
  150  8:01  Baneling x4  
  150  8:03  Baneling  
  160  8:06  Zergling x2  
  160  8:12  Zergling x12  
  167  8:19  Zergling x10  
  169  8:27  Baneling x17  
  169  8:28  Zergling x12  
  175  8:34  Overlord  
  175  8:36  Zergling x14  
  182  8:42  Evolution Chamber  
  182  8:44  Overseer  
  181  8:49  Zergling x14  
  188  8:57  Baneling x10  
  188  9:00  Zergling x14  
  195  9:10  Zergling x10  
  197  9:19  Zergling x12  
  183  9:31  Hydralisk x6  
  183  9:37  Hydralisk x5  
  195  9:44  Zergling x4  
  184  9:48  Baneling x11  
  184  9:49  Baneling x13  
  184  9:50  Hydralisk x2  
  188  9:53  Zergling x2  
  188  9:54  Overlord  
  188  9:56  Infestation Pit  
  188  10:07  Zergling x2  
  188  10:09  Overlord  
  189  10:21  Baneling  
  180  10:22  Zergling x20  
  180  10:23  Zergling x4  
  180  10:25  Baneling x12  
Tags
 
Add a new tag
Caveats
  • Supply blocks, unpowered buildings, or Contaminate may cause inaccurate times.
  • Supply counts are checked every 10 seconds.